 Dungeon Crawl Stone Soup version 0.29.0-10-g45618ea6d2 (webtiles) character file.

Game seed: 9054704830078206059

315 Arum the Trooper (level 6, 0/76 HPs)
             Began as a Formicid Fighter on Sept 1, 2022.
             Was a Believer of Elyvilon.
             Slain by an orc
             ... wielding a +0 trident
              (5 damage)
             ... on level 3 of the Dungeon.
             The game lasted 00:04:24 (2053 turns).

Arum the Trooper (Formicid Fighter)                 Turns: 2053, Time: 00:04:25

Health: 0/76       AC: 23    Str: 22    XL:     6   Next: 72%
Magic:  6/6        EV:  2    Int:  8    God:    Elyvilon [**....]
Gold:   46         SH:  5    Dex: 13    Spells: 5/5 levels left

rFire   . . .      SeeInvis .   a - +0 flail
rCold   . . .      Faith    .   c - +0 buckler
rNeg    . . .      Spirit   .   (body armour currently unavailable)
rPois   +          Reflect  .   (helmet unavailable)
rElec   .          Harm     .   (cloak currently unavailable)
rCorr   .          Rampage  .   (gloves currently unavailable)
Will    .....                   (boots currently unavailable)
Stlth   +.........              (no amulet)
HPRegen 0.22/turn               (no ring)
MPRegen 0.10/turn               (no ring)

@: tree-form (expiring)
A: stationary, stasis, torment immunity, boosted hp, permanent stasis, dig
shafts and tunnels, (antennae 3), four strong arms
a: Renounce Religion, Purification, Heal Other


You were on level 3 of the Dungeon.
You worshipped Elyvilon.
Elyvilon was pleased with you.
You were a tree.
You visited 1 branch of the dungeon, and saw 3 of its levels.

You collected 172 gold pieces.
You spent 126 gold pieces at shops.

Inventory:

Hand Weapons
 a - a +0 flail (weapon)
Armour
 b - a +0 scale mail
 c - a +0 buckler (worn)
 k - a +0 pair of gloves (melded)
 l - a +3 plate armour (melded)
Jewellery
 f - a +6 ring of intelligence
 j - a ring of wizardry
Scrolls
 o - a scroll of enchant armour
Potions
 d - a potion of might
 g - 2 potions of flight
 m - 2 potions of cancellation
 n - a potion of lignification


   Skills:
 + Level 5.1 Fighting
 + Level 4.1 Maces & Flails
 + Level 5.1 Armour
 - Level 4.0 Shields


You had 5 spell levels left.
You didn't know any spells.
Your spell library contained the following spells:

 Spells                   Type           Power      Damage    Failure   Level
 Ensorcelled Hibernation  Hex/Ice        0%         N/A       63%         2
 Ignite Poison            Fire/Tmut/Pois 0%         N/A       85%         3
 Mephitic Cloud           Conj/Pois/Air  0%         N/A       85%         3
 Ozocubu's Armour         Ice            0%         N/A       85%         3
 Spider Form              Tmut/Pois      0%         N/A       85%         3
 Anguish                  Hex/Necr       0%         N/A       99%         4
 Freezing Cloud           Conj/Ice/Air   0%         6-21      100%        5
 Metabolic Englaciation   Hex/Ice        0%         N/A       100%        5
 Simulacrum               Ice/Necr       0%         N/A       100%        6


Dungeon Overview and Level Annotations

Branches:
Dungeon (3/15)

Altars:
Dithmenos
Elyvilon

Shops:
D:1 ?


Innate Abilities, Weirdness & Mutations

You are a tree.
Your roots penetrate the ground, keeping you stationary.
You cannot be teleported.
You are immune to unholy pain and torment.
Your maximum health is greatly increased.
Your equipment is partially melded.
You cannot be hasted, slowed, berserked, paralysed or teleported.
You can dig through walls and to a lower floor.
((You have a pair of large antennae on your head. (SInv)))
Your four strong arms can wield two-handed weapons with a shield.


Message History

Your butterfly disappears in a burst of colours!
You block the orc priest's attack.
Your butterfly is engulfed in poison gas.
Your butterfly looks even sicker.
You kill your butterfly!
Your butterfly disappears in a burst of colours!
Unknown command.
Unknown command.
Unknown command.
Unknown command.
You completely miss the orc priest.
The orc priest is lightly wounded.
Your transformation is almost over.
You block the orc's attack.
The orc priest hits you but does no damage.
You closely miss the orc priest.
The orc priest is lightly wounded.
The orc priest hits you but does no damage.
The orc barely misses you.
The orc priest miscasts a cantrip.
The orc priest blocks your attack.
The orc priest is lightly wounded.
The orc hits you but does no damage. You block the orc priest's attack.
The orc priest blocks your attack.
The orc priest is lightly wounded.
The orc hits you but does no damage. You block the orc priest's attack.
The orc priest blocks your attack.
The orc priest is lightly wounded.
The orc hits you but does no damage.
The orc priest hits you but does no damage.
The orc hits you but does no damage.
The orc priest hits you but does no damage.
You hit the orc priest.
The orc priest is heavily wounded.
The orc hits you but does no damage. You block the orc priest's attack.
The orc priest looks encouraged for a moment.
You hit the orc priest.
The orc priest is severely wounded.
The orc hits you from afar with a +0 trident.
You die...

# # .. .#..### .o .....##
#. . # #...## #.. .#.#
#.#.#..... #..##
.#☼###.#.#.#.## ###○☼..
..☼............
..☼§§§§####.#°###.#.#.#.##
..§°§○Soo♣§§§§§§☼.........
..☼○§§oo##☼○§.○##...#.#.##
###☼○§§†..§○§.○§☼.........
##§§☼..##.☼☼.###.......##
..§§§....#.#§○# #.#.#.###
###§...[.#☼#☼○# #.# #.#
.§......#☼#.☼###.#.#.####
.........#§#.○°...#.#.....
...........##.............


You could see 2 orc priests, 2 orcs and a ball python.

Vanquished Creatures
  Sigmund (D:2)
  A necrophage (D:3)
  2 adders
  A worm (D:2)
  2 dart slugs (D:1)
  7 ball pythons
  3 bats
  7 endoplasms
  3 giant cockroaches
  3 goblins
  4 hobgoblins
  6 jackals
  3 kobolds
  3 quokkas
  4 frilled lizards
  9 rats (D:2)
59 creatures vanquished.

Notes
Turn   | Place    | Note
-------+----------+-------------------------------------------
     0 | D:1      | Arum the Formicid Fighter began the quest for the Orb.
     0 | D:1      | Reached XP level 1. HP: 18/18 MP: 1/1
   223 | D:1      | Reached XP level 2. HP: 24/24 MP: 2/2
   552 | D:1      | Reached XP level 3. HP: 30/30 MP: 3/3
   843 | D:1      | Found Seeff's Magic Scroll Shoppe.
   851 | D:1      | Bought a scroll of identify for 22 gold pieces
   929 | D:1      | Found a faded altar of an unknown god.
   932 | D:1      | Prayed at the altar of an unknown god.
   932 | D:1      | Became a worshipper of Elyvilon the Healer
   932 | D:1      | Reached * piety under Elyvilon
  1054 | D:1      | Found a shadowy altar of Dithmenos.
  1423 | D:2      | Reached XP level 4. HP: 37/37 MP: 4/4
  1435 | D:2      | Noticed Sigmund
  1461 | D:2      | Killed Sigmund
  1462 | D:2      | Reached XP level 5. HP: 35/43 MP: 5/5
  1462 | D:2      | Reached XP level 6. HP: 41/50 MP: 6/6
  1753 | D:1      | Bought a scroll of identify for 22 gold pieces
  1753 | D:1      | Bought a scroll of enchant armour for 82 gold pieces
  1856 | D:3      | Reached ** piety under Elyvilon
  1911 | D:3      | Reached skill level 5 in Fighting
  1911 | D:3      | Reached skill level 5 in Armour
  2043 | D:3      | HP: 3/76 [orc priest/divine providence (9)]
  2053 | D:3      | Slain by an orc

Illustrated notes

Levels and vault maps discovered:
D:1:      dpeg_arrival_water_altar, layout_loops_cross, serial_shops, shop,
          shapermc_ecumenical_altar_mp_vishouse, nrook_campfire
D:2:      layout_basic, minmay_rat_gold_closets, uniq_sigmund
D:3:      layout_basic, lightli_sewer_entry_pipes

Skill      XL: |  1  2  3  4  5  6 |
---------------+-------------------+-----
Fighting       | 4 5 |  5.1
Armour         | 4 5 |  5.1
Maces & Flails | 3 4 |  4.1
Shields        | |  4.0

Action                   |  1- 3 |  4- 6 || total
-------------------------+-------+-------++-------
Melee: Flail             |    92 |    94 ||   186
 Abil: Dig               |     1 |     1 ||     2
  Use: Scroll            |     1 |     5 ||     6
       Potion            |       |     1 ||     1
Armor: Scale mail        |    44 |    42 ||    86
       Skin              |       |    21 ||    21
       Plate armour      |       |    17 ||    17
Dodge: Dodged            |    34 |    41 ||    75
Block: Buckler           |    26 |    26 ||    52
